Map: Dusty Gorge

Players

Dreamboat - Winner!

  • Race: Terran Terran
  • League: Diamond
  • Spawn Location: 3:00

NanoCarbonX - Winner!

  • Race: Protoss Protoss
  • Spawn Location: 5:00

MonstroTown

  • Race: Terran Terran
  • Spawn Location: 9:00

Michael

  • Race: Protoss Protoss
  • Spawn Location: 11:00

VOD

Have the link to the VOD?

Description

Time

  • Played on: Aug. 31, 2018, 10:43 p.m.
  • Length: 12:39
Show
View Real Time Build Order
Export as new Build Order

Dreamboat Terran - Winner!

Build Orders: MMM Bio 

Get SALT Encoding   

  12  0:01  SCV  
  13  0:13  SCV  
  14  0:23  Supply Depot  
  14  0:25  SCV  
  15  0:45  SCV  
  15  0:46  Barracks  
  16  0:57  SCV  
  17  1:04  Refinery  
  17  1:09  SCV  
  18  1:12  Supply Depot  
  18  1:21  SCV  
  19  1:33  SCV  
  20  1:40  Supply Depot  
  20  1:45  SCV  
  21  1:48  Refinery  
  21  1:50  Barracks Tech Lab  
  21  1:57  SCV  
  21  1:58  Barracks  
  22  2:10  Reaper  
  22  2:15  Orbital Command  
  22  2:36  Command Center  
  22  2:42  SCV  
  23  2:47  Barracks Reactor  
  23  2:53  Marauder  
  23  2:54  SCV  
  26  3:06  SCV  
  26  3:09  Factory  
  27  3:16  Supply Depot  
  27  3:18  SCV  
  30  3:20  Marauder  
  30  3:26  Stimpack  
  30  3:31  SCV  
  31  3:37  Marine  
  31  3:38  Marine  
  31  3:40  Marine  
  34  3:43  SCV  
  35  3:48  Supply Depot  
  35  3:55  Marine  
  35  3:56  Marine  
  37  4:07  SCV  
  38  4:10  Orbital Command  
  38  4:11  Supply Depot  
  38  4:15  Factory Reactor  
  38  4:18  Starport  
  38  4:19  SCV  
  38  4:21  Marine  
  40  4:25  Marine  
  40  4:26  Marine  
  42  4:31  SCV  
  42  4:37  SCV  
  44  4:39  Marine  
  44  4:42  Marine  
  46  4:49  SCV  
  46  4:50  Supply Depot  
  47  4:54  SCV  
  48  5:05  Marine x2  
  49  5:07  Viking  
  50  5:17  Engineering Bay  
  49  5:33  Factory Tech Lab  
  49  5:41  Supply Depot  
  49  5:42  Engineering Bay  
  49  5:46  Marauder, Marine x2  
  49  5:49  Missile Turret  
  53  5:50  SCV  
  53  5:52  SCV  
  53  5:54  Missile Turret  
  53  5:56  Terran Infantry Weapons Level 1  
  55  6:02  SCV  
  55  6:03  Missile Turret, Medivac x2  
  55  6:04  SCV  
  61  6:05  Siege Tank  
  61  6:08  Combat Shields  
  61  6:09  Marine  
  65  6:24  Terran Infantry Armor Level 1  
  65  6:27  Supply Depot  
  65  6:28  SCV  
  65  6:29  Refinery  
  66  6:33  Medivac  
  68  6:40  SCV  
  69  6:48  Marine x2  
  69  6:49  Marauder  
  73  6:57  Siege Tank  
  74  7:08  Command Center  
  74  7:09  Marine  
  74  7:10  Marauder, Marine  
  74  7:11  Medivac  
  80  7:27  Marine  
  65  8:09  Marine x3  
  65  8:10  Medivac x2  
  65  8:11  Siege Tank  
  75  8:16  Barracks  
  75  8:19  Barracks  
  73  8:20  Refinery  
  73  8:26  Marine x2  
  73  8:27  Marine  
  74  8:36  Barracks  
  74  8:40  SCV  
  75  8:41  Supply Depot  
  75  8:43  Siege Tank  
  75  8:44  Marine x3  
  75  8:47  SCV  
  82  8:50  Medivac x2  
  86  9:02  Marine x3  
  88  9:05  Barracks Reactor  
  88  9:08  Barracks Reactor  
  88  9:09  Supply Depot x2  
  89  9:12  Missile Turret  
  89  9:20  Marine x3  
  89  9:38  Medivac x2, Marine x3  
  79  9:46  Marine x2  
  81  9:55  Marine  
  81  9:56  Marine x2  
  77  10:04  Marine x2  
  68  10:07  Siege Tank  
  68  10:08  Medivac x2  
  68  10:13  Marine x2  
  68  10:14  Marine  
  72  10:22  Marine x2  
  72  10:26  Barracks Reactor  
  74  10:28  Supply Depot x2  
  74  10:31  Marine x3  
  77  10:37  Marine x2  
  77  10:40  Marine x2  
  76  10:49  Marine x3  
  78  10:54  Marine  
  78  10:55  Marine  
  79  10:57  Marine  
  79  10:58  Siege Tank, Medivac, Marine  
  86  11:07  Marine x3  
  89  11:12  Marine x2  
  89  11:14  Marine  
  89  11:15  Marine x3  
  94  11:24  Marine  
  94  11:25  Supply Depot, Orbital Command, Marine x2  
  91  11:27  SCV  
  91  11:30  Siege Tank, Marine x2  
  91  11:32  Armory, Marine x2  
  97  11:33  Marine x2  
  101  11:42  Marine x2  
  101  11:43  Marine  
  103  11:48  Marine x2  
  103  11:50  Marine x2  
  103  11:51  Marine x2  
  108  11:59  Medivac  
  108  12:00  Marine x3  
  113  12:02  Siege Tank  
  113  12:06  Marine x2  
  113  12:08  Marine  
  119  12:14  Marine x3  
  120  12:18  Marine x2  
  120  12:21  Marine  
  128  12:37  Supply Depot  
Show
View Real Time Build Order
Export as new Build Order

NanoCarbonX Protoss - Winner!

Build Orders:  

Get SALT Encoding   

  12  0:02  Probe  
  13  0:14  Probe  
  14  0:21  Pylon  
  14  0:26  Probe  
  15  0:39  Probe  
  16  0:42  Forge  
  16  0:48  Pylon  
  16  0:51  Probe  
  17  0:59  Probe  
  18  1:09  Probe, Assimilator  
  19  1:18  Gateway  
  19  1:22  Assimilator  
  19  1:23  Probe  
  20  1:35  Probe  
  20  1:38  Photon Cannon  
  21  1:45  Pylon  
  21  1:56  Probe  
  22  2:06  Photon Cannon  
  23  2:08  Probe  
  23  2:16  Photon Cannon  
  23  2:32  Cybernetics Core  
  23  3:10  Twilight Council  
  23  3:13  Stargate  
  23  3:17  Pylon  
  23  3:18  Pylon  
  23  3:19  Pylon  
  23  3:29  Pylon  
  23  3:35  Nexus  
  23  3:47  Pylon  
  23  3:58  Photon Cannon  
  23  4:01  Probe  
  23  4:09  Probe  
  24  4:13  Protoss Shields Level 1  
  25  4:18  Probe  
  26  4:30  Probe  
  27  4:37  Stalker  
  29  4:43  Probe  
  30  4:55  Probe  
  31  5:05  Photon Cannon  
  32  5:07  Probe, Pylon  
  32  5:18  Void Ray  
  32  5:20  Stalker  
  38  5:34  Protoss Air Weapons Level 1  
  38  5:50  Stalker  
  38  5:55  Probe  
  38  5:56  Assimilator  
  41  6:01  Pylon  
  41  6:03  Probe  
  41  6:09  Void Ray  
  41  6:11  Probe  
  46  6:17  Fleet Beacon  
  47  6:21  Probe  
  47  6:25  Charge  
  48  6:27  Zealot  
  50  6:33  Probe  
  49  6:54  Zealot  
  51  6:55  Photon Cannon  
  51  7:00  Pylon  
  51  7:01  Pylon  
  51  7:03  Probe  
  52  7:11  Probe  
  52  7:12  Assimilator  
  53  7:18  Carrier  
  53  7:20  Probe  
  53  7:21  Zealot  
  62  7:32  Probe  
  63  7:41  Probe, Stargate  
  63  7:49  Probe  
  65  7:59  Probe  
  65  8:03  Protoss Air Weapons Level 2  
  66  8:11  Probe  
  67  8:22  Robotics Facility  
  67  8:23  Probe  
  68  8:33  Carrier  
  68  8:38  Nexus  
  74  8:51  Tempest  
  80  9:01  Pylon  
  80  9:09  Warp Prism  
  57  10:14  Tempest  
  57  10:17  Tempest  
  47  11:00  Tempest  
  47  11:01  Tempest  
  59  11:40  Probe  
  66  11:50  Nexus  
  66  11:52  Probe  
  67  12:04  Probe  
  68  12:16  Probe  
Show
View Real Time Build Order
Export as new Build Order

MonstroTown Terran 

Build Orders: Reaper Expand, MMM Bio 

Get SALT Encoding   

  12  0:00  SCV  
  13  0:13  SCV  
  14  0:18  Supply Depot  
  14  0:25  SCV  
  15  0:40  SCV  
  15  0:41  Barracks  
  16  0:48  Refinery  
  16  0:52  SCV  
  18  1:14  SCV  
  18  1:27  Orbital Command  
  18  1:31  Reaper  
  19  1:43  Command Center  
  19  1:54  SCV  
  20  2:03  Barracks Reactor  
  20  2:07  Supply Depot  
  20  2:16  SCV  
  21  2:23  Refinery  
  21  2:28  Factory, SCV  
  22  2:40  SCV  
  22  2:50  Marine x2  
  24  2:53  SCV  
  24  2:57  Barracks  
  24  3:06  SCV  
  24  3:07  Orbital Command  
  24  3:11  Marine  
  24  3:12  Marine  
  27  3:13  Factory Tech Lab  
  27  3:18  SCV  
  28  3:29  Starport  
  28  3:30  Marine x2  
  30  3:34  SCV x2  
  32  3:44  Barracks  
  32  3:46  SCV  
  32  3:47  SCV  
  34  4:02  Barracks Tech Lab  
  34  4:03  Marine x2  
  34  4:04  Siege Tank  
  39  4:14  Medivac  
  41  4:20  SCV x2  
  43  4:28  Command Center  
  43  4:36  Marine x2  
  45  4:39  Barracks Reactor  
  45  4:41  Stimpack  
  45  4:45  Barracks  
  45  4:48  SCV  
  46  4:55  SCV  
  46  5:03  Marine x2  
  46  5:04  Marauder  
  50  5:07  Starport Reactor  
  50  5:18  SCV  
  50  5:19  SCV  
  50  5:20  Marine  
  50  5:21  Marine  
  54  5:24  Supply Depot  
  54  5:25  Supply Depot  
  54  5:37  Engineering Bay  
  54  5:39  Barracks Reactor  
  54  5:42  Refinery  
  54  5:43  Refinery  
  54  5:46  SCV, Marine x2  
  57  5:52  Engineering Bay  
  57  5:58  Orbital Command  
  57  6:08  Marine x2  
  57  6:09  Marine  
  57  6:10  Medivac x2  
  64  6:15  Siege Tank  
  64  6:17  SCV  
  66  6:44  Marine x2  
  66  6:45  Marine x3  
  66  6:46  Medivac x2  
  67  6:52  Orbital Command  
  67  6:53  Missile Turret  
  67  6:54  Missile Turret  
  67  6:55  SCV x2  
  69  7:01  Missile Turret  
  69  7:07  SCV  
  69  7:08  Missile Turret, Terran Infantry Armor Level 1, Terran Infantry Weapons Level 1  
  70  7:29  Combat Shields  
  70  7:31  Viking  
  70  7:32  Viking  
  70  7:35  SCV x2  
  76  7:45  Marine x5  
  76  7:46  Marine x2  
  76  7:47  SCV  
  76  8:02  Marine  
  76  8:14  Marine  
  76  8:15  Marine x5  
  81  8:20  SCV x2  
  83  8:32  SCV x2  
  85  8:37  Supply Depot  
  85  8:38  SCV, Marine x4  
  85  8:39  Supply Depot  
  90  8:44  SCV x2  
  92  8:48  Marine  
  92  8:53  Missile Turret, Supply Depot  
  93  8:58  Armory, Marine  
  93  8:59  SCV, Marine x3  
  75  9:50  Marine x5  
  75  9:51  Marine  
  77  9:57  Barracks x2  
  73  10:01  Terran Infantry Armor Level 2, Barracks, Terran Infantry Weapons Level 2  
  73  10:22  Marine  
  73  10:23  Marine x4  
  67  10:40  Marine x2  
  67  10:41  Marine x2  
  63  10:44  SCV x3  
  55  10:52  Barracks Reactor x3  
  55  10:53  Marine x3  
  55  10:55  Medivac x2  
  55  10:56  Siege Tank  
  65  10:57  Barracks  
  65  10:58  Marine x2  
  65  11:00  Barracks  
  65  11:01  Barracks  
  67  11:14  Marine x3  
  67  11:15  Marine  
  71  11:24  Medivac  
  61  11:26  Marine x2  
  61  11:29  Viking  
  61  11:32  SCV x2  
  67  11:33  SCV  
  67  11:39  Refinery  
  68  11:41  Refinery  
  61  11:54  Viking  
  62  12:04  Marine x3  
  62  12:11  Marine  
  62  12:12  Marine x2  
  62  12:14  Marine x5  
  62  12:15  Marine x4  
Show
View Real Time Build Order
Export as new Build Order

Michael Protoss 

Build Orders: Oracle Opening 

Get SALT Encoding   

  1  0:00  Probe  
  12  0:05  Probe  
  14  0:18  Pylon  
  14  0:23  Probe  
  15  0:36  Probe  
  15  0:41  Gateway  
  16  0:48  Assimilator  
  17  0:50  Probe  
  17  1:02  Probe  
  18  1:10  Probe  
  18  1:12  Pylon  
  19  1:18  Probe  
  20  1:34  Cybernetics Core  
  20  1:40  Gateway  
  20  1:47  Probe  
  21  2:01  Warp Gate, Nexus  
  21  2:04  Probe  
  22  2:14  Zealot  
  24  2:29  Forge  
  24  2:39  Stargate  
  24  2:45  Probe  
  24  2:50  Assimilator  
  25  2:57  Probe  
  26  3:05  Stalker  
  26  3:09  Probe  
  29  3:18  Probe  
  29  3:22  Probe  
  29  3:26  Probe  
  31  3:34  Probe  
  31  3:36  Oracle  
  31  3:37  Probe  
  34  3:45  Probe  
  34  3:46  Probe  
  34  3:53  Probe  
  34  3:58  Probe  
  36  4:04  Probe  
  37  4:10  Probe  
  37  4:11  Pylon  
  37  4:15  Gateway  
  38  4:17  Gateway  
  38  4:20  Gateway  
  38  4:21  Probe  
  39  4:25  Probe  
  39  4:27  Protoss Shields Level 1  
  39  4:29  Probe  
  40  4:33  Probe  
  42  5:08  Probe x2  
  44  5:16  Probe x2  
  46  5:24  Probe x2, Assimilator  
  46  5:29  Assimilator  
  46  5:34  Probe  
  46  5:35  Probe  
  48  5:36  Void Ray  
  54  5:57  Pylon  
  54  6:05  Pylon  
  54  6:10  Pylon  
  54  6:15  Probe x2, Pylon  
  54  6:17  Zealot  
  54  6:18  Zealot x2, Nexus  
  62  6:29  Pylon  
  62  6:35  Void Ray  
  66  6:45  Gateway  
  66  6:47  Gateway  
  66  6:48  Gateway  
  66  6:51  Stalker  
  66  6:53  Stalker  
  70  6:54  Stalker  
  70  6:56  Stalker  
  70  6:59  Stalker  
  76  7:04  Protoss Ground Weapons Level 1  
  76  7:15  Fleet Beacon  
  76  7:26  Twilight Council  
  76  7:30  Void Ray  
  74  7:42  Stalker  
  74  7:43  Zealot, Stalker  
  74  7:44  Zealot x2  
  58  8:12  Zealot x4  
  66  8:13  Zealot  
  68  8:21  Charge  
  68  8:24  Probe  
  69  8:27  Probe  
  70  8:48  Zealot  
  72  9:04  Zealot  
  74  9:19  Zealot  
  74  9:23  Probe  
  77  9:24  Pylon  
  69  9:32  Pylon  
  63  9:53  Pylon  
  55  10:00  Zealot  
  55  10:01  Zealot x2  
  58  10:07  Zealot  
  58  10:11  Probe  
  47  10:36  Stalker x2  
  47  10:37  Zealot  
  49  10:46  Zealot  
  31  11:01  Stalker  
  31  11:09  Zealot  
  31  11:10  Zealot  
  23  11:27  Stalker  
  23  11:28  Stalker  
  23  11:32  Probe  
  28  11:34  Probe  
  29  11:42  Zealot  
  27  11:55  Zealot x2  
  27  11:56  Zealot  
  31  12:03  Zealot  
  33  12:11  Zealot  
  35  12:17  Zealot  
Tags
 
Add a new tag
Caveats
  • Supply blocks, unpowered buildings, or Contaminate may cause inaccurate times.
  • Supply counts are checked every 10 seconds.